 Dungeon Crawl Stone Soup version 0.29-a0-857-g9b1aa3ac5b (webtiles) character file.

Game seed: 2203428391967013658

25 LynnLen the Sneak (level 2, 0/16 HPs)
             Began as a Vampire Enchanter on July 17, 2022.
             Slain by a worm (9 damage)
             ... on level 2 of the Dungeon.
             The game lasted 00:02:35 (1141 turns).

LynnLen the Sneak (Vampire Enchanter)               Turns: 1141, Time: 00:02:36

Health: 0/16       AC:  2    Str:  7    XL:     2   Next: 86%
Magic:  5/5        EV: 12    Int: 17    God:
Gold:   74         SH:  0    Dex: 14    Spells: 5/5 levels left

rFire   . . .      SeeInvis +   a - +3 dagger
rCold   + + .      Faith    .   (no shield)
rNeg    + + +      Spirit   .   b - +0 robe
rPois   ∞          Reflect  .   (no helmet)
rElec   .          Harm     .   (no cloak)
rCorr   .          Rampage  .   (no gloves)
Will    .....                   (no boots)
Stlth   +++++.....              (no amulet)
HPRegen 0.00/turn               (no ring)
MPRegen 0.09/turn               (no ring)

@: bloodless, inhibited regen
A: bloodless, fangs 3, see invisible, vampiric 1
a: Revivify


You were on level 2 of the Dungeon.
You visited 1 branch of the dungeon, and saw 2 of its levels.

You collected 74 gold pieces.

Inventory:

Hand Weapons
 a - a +3 dagger (weapon)
Armour
 b - a +0 robe (worn)
 j - a +0 cloak
Scrolls
 e - a scroll of blinking {unknown}
Potions
 c - 2 potions of invisibility
 d - 2 potions of curing
 f - a potion of berserk rage
 i - a potion of haste


   Skills:
 * Level 0.8 Fighting
 * Level 2.0 Short Blades
 + Level 2.4 Dodging
 + Level 5.2 Stealth
 - Level 2.0 Spellcasting
 - Level 4.4 Hexes


You had 5 spell levels left.
You didn't know any spells.
Your spell library contained the following spells:

 Spells                   Type           Power      Damage    Failure   Level
 Confusing Touch          Hex            16%        N/A       10%         3
 Tukima's Dance           Hex            16%        N/A       10%         3
 Ensorcelled Hibernation  Hex/Ice        18%        N/A       12%         2
 Dazzling Flash           Conj/Hex       18%        N/A       24%         3
 Yara's Violent Unravell  Hex/Tmut       4%         3d4       91%         5
 Enfeeble                 Hex            8%         N/A       100%        7


Dungeon Overview and Level Annotations

Branches:
Dungeon (2/15)

Altars:


Innate Abilities, Weirdness & Mutations

You do not regenerate when monsters are visible.
You are frail without blood (-20% HP).
You can heal yourself when you bite living creatures.
You are immune to poison.
You have razor-sharp teeth.
You have supernaturally acute eyesight. (SInv)
You are afflicted with vampirism.


Message History

You open the door.
There is an open door here.
You open the door.
There is an open door here.
You open the door.
There is an open door here.
A goblin comes into view. It is wielding a +0 club.
The helpless goblin fails to defend itself.
You bite the goblin, and draw its blood!
You impale the goblin!!
You kill the goblin!
Found a stone staircase leading down.
There is a stone staircase leading down here.
You now have 74 gold pieces (gained 12).
You enter the shallow water.
Moving in this stuff is going to be slow.
You enter the shallow water.
Moving in this stuff is going to be slow.
Found a mace.
An orc comes into view. It is wielding a +0 dagger.
The helpless orc fails to defend itself.
You bite the orc, and draw its blood! You impale the orc!!
You kill the orc!
Your Short Blades skill increases to level 2!
As you read the scroll of identify, it crumbles to dust.
f - a potion of berserk rage
e - a scroll labelled ULEMEQ KABA A worm comes into view.
A worm is nearby!
There is an escape hatch in the ceiling here.
You hit the worm. You bite the worm.
The worm is heavily wounded.
The worm bites you!
You barely miss the worm.
The worm is moderately wounded.
You hit the worm.
The worm is heavily wounded.
The worm bites you!
Ouch! That really hurt!
You die...

. .###.#......#.#..#.. ..
..#.#......#.#..#.< ...
#.#.#......#....#..
...#.#.<....#.###..#..
...................##. #
#####.........####.... .. #.
#..#.........#)...
..###.#####..###....##.#....
..........@w......>...#.###
. #...#......#.#.......#.##
..#..........#.##......#..#
.......>...#.#.##.....##..##
#........#.÷.##.....##..≈#
#.....#..#...##.....##..≈#
#+#...#..#...##.....##.≈≈≈
##..####.#...........#≈≈
##.........#........##≈


You could see a worm.

Vanquished Creatures
  An orc (D:2)
  3 bats (D:1)
  3 hobgoblins
  3 jackals (D:1)
  A kobold (D:1)
  A quokka (D:1)
  3 ball pythons
  A frilled lizard (D:1)
  3 goblins
  3 rats (D:1)
22 creatures vanquished.

Notes
Turn   | Place    | Note
-------+----------+-------------------------------------------
     0 | D:1      | LynnLen the Vampire Enchanter began the quest for the Orb.
     0 | D:1      | Reached XP level 1. HP: 13/13 MP: 3/3
   162 | D:1      | Reached XP level 2. HP: 16/16 MP: 5/5
   396 | D:1      | Reached skill level 5 in Stealth
   786 | D:2      | Found a faded altar of an unknown god.
  1141 | D:2      | Slain by a worm

Illustrated notes

Levels and vault maps discovered:
D:1:      denvon_arrival_waterhouse, layout_basic, minmay_statues_item,
          minmay_split_cup_large
D:2:      layout_basic, nicolae_ecumenical_pavilion,
          chequers_serial_rivers_large_b, nicolae_hexahallways

Skill      XL: |  1  2 |
---------------+-------+-----
Stealth        | 5 |  5.2
Short Blades   | 2 |  2.0
Fighting       | |  0.8
Dodging        | |  2.4
Spellcasting   | |  2.0
Hexes          | |  4.4

Action                   || total
-------------------------++-------
Melee: Dagger            ||    44
       Bite              ||     5
 Abil: Exsanguinate      ||     1
  Use: Scroll            ||     8
 Stab: Sleeping          ||    13
Armor: Robe              ||     6
Dodge: Dodged            ||    21

Table legend: (Time is in decaauts)
 A = Elapsed time spent in this place.
 B = Non-inter-level travel time spent in this place.
 C = Inter-level travel time spent in this place.
 D = Time resting spent in this place.
 E = Time spent auto-exploring this place.
 F = Levels seen in this place.
 G = Mean time per level.
                   A        B        C        D        E       F      G
               +--------+--------+--------+--------+--------+-----+--------+
         Total |   1187 |   1187 |      0 |      0 |    845 |   2 |  593.5 |
       Dungeon |   1187 |   1187 |      0 |      0 |    845 |   2 |  593.5 |
               +--------+--------+--------+--------+--------+-----+--------+

Top non-repeatable levels by time:
     D:1: 784 daAuts
     D:2: 403 daAuts
